AoeStats
← persephone9

Arabia

503419818Analyzed
3v3 RM · 1mo ago on Aug 31, 2026· 65m 15s· 6 players
Game mode
Random Map
Map size
Normal (6 player)
Population
200
Speed
Normal
Resources
Standard
Victory
Conquest
Starting age
Dark Age
Ending age
Imperial Age
RankedLock teamsTeams togetherTeam positionsShared explorationLock speedFull tech treeHidden civsTurbo modeCheats
Victory
Defeat
🇺🇸 Byzantines · United States
766
+16
🇺🇸 Bohemians · United States
703
+19
🇭🇰 Persians · Hong Kong SAR China
668
+21
🇮🇳 Hindustanis · India
793
-20
🇺🇸 Bohemians · United States
781
-19
🇺🇸 Vietnamese · United States
734
-17
Taytay1
11:36 Feudal Age
12:06 Horse Collar
18:54 Castle Age
23:17 Fletching
25:37 Double-Bit Axe
37:16 Imperial Age
35:35 Wheelbarrow
34:31 Man-at-Arms
34:59 Gambesons
35:17 Squires
35:49 Heavy Plow
36:05 Bow Saw
36:21 Forging
36:12 Scale Mail Armor
36:17 Scale Barding Armor
36:36 Long Swordsman
38:26 Two-Handed Swordsman
40:40 Crop Rotation
40:27 Hand Cart
41:49 Iron Casting
41:30 Chain Mail Armor
41:07 Arson
40:49 Elite Skirmisher
41:57 Champion
45:42 Caravan
46:06 Bodkin Arrow
48:35 Plate Mail Armor
48:26 Chain Barding Armor
48:08 Bracer
48:09 Padded Archer Armor
48:13 Elite Cataphract
49:14 Conscription
51:58 Logistica
53:00 Theocracy
54:26 Plate Barding Armor
58:04 Block Printing
61:13 Redemption
63:22 Capped Ram
persephone9
0:33 Loom
11:53 Feudal Age
12:23 Town Watch
22:45 Castle Age
20:50 Horse Collar
22:23 Fletching
22:28 Double-Bit Axe
26:27 Fervor
35:25 Imperial Age
35:05 Chemistry
34:57 Husbandry
36:20 Caravan
36:52 Bodkin Arrow
39:17 Bow Saw
39:10 Heavy Plow
39:14 Town Patrol
40:30 Conscription
41:41 Cavalier
44:40 Houfnice
44:44 Elite Hussite Wagon
50:42 Siege Engineers
50:33 Murder Holes
50:48 Fortified Wall
50:46 Padded Archer Armor
50:46 Scale Mail Armor
50:52 Scale Barding Armor
54:02 Pikeman
54:45 Bracer
55:00 Leather Archer Armor
55:01 Chain Mail Armor
55:06 Chain Barding Armor
57:30 Ring Archer Armor
57:10 Forging
57:37 Wheelbarrow
brokenlit
1:24 Loom
12:13 Feudal Age
12:50 Double-Bit Axe
12:54 Horse Collar
20:28 Forging
20:56 Scale Mail Armor
24:15 Castle Age
22:36 Fletching
24:20 Pikeman
27:18 Iron Casting
27:00 Chain Mail Armor
28:29 Gold Mining
28:32 Stone Mining
29:51 Scale Barding Armor
34:16 Chain Barding Armor
35:02 Squires
35:40 Bodkin Arrow
39:11 Imperial Age
36:52 Gambesons
36:28 Man-at-Arms
39:43 Cavalier
39:58 Halberdier
41:46 Conscription
42:17 Arson
41:54 Long Swordsman
42:55 Bow Saw
42:59 Savar
44:27 Husbandry
44:39 Bloodlines
47:20 Plate Mail Armor
48:36 Plate Barding Armor
53:40 Light Cavalry
55:20 Hussar
junstar
7:39 Loom
10:39 Feudal Age
11:16 Double-Bit Axe
20:52 Castle Age
26:25 Bow Saw
37:02 Imperial Age
39:04 Chemistry
37:29 Elite Hussite Wagon
39:34 Wheelbarrow
42:34 Two-Man Saw
42:47 Hand Cart
42:25 Houfnice
47:55 Pikeman
50:40 Halberdier
51:37 Forging
58:00 Iron Casting
62:31 Halberdier
viditdhaka2805
12:25 Feudal Age
13:28 Man-at-Arms
19:10 Horse Collar
19:19 Double-Bit Axe
27:10 Gold Mining
27:12 Stone Mining
30:21 Castle Age
30:30 Elite Skirmisher
35:45 Bow Saw
35:51 Fletching
36:06 Scale Mail Armor
38:24 Wheelbarrow
39:38 Caravan
40:08 Hand Cart
43:09 Imperial Age
43:34 Elite Fire Lancer
43:39 Imperial Skirmisher
60:18 Heavy Plow
61:23 Pikeman
63:59 Squires
souravmalik858
0:49 Loom
11:40 Feudal Age
12:07 Horse Collar
13:49 Double-Bit Axe
17:47 Wheelbarrow
21:31 Castle Age
21:21 Bloodlines
25:24 Caravan
27:36 Husbandry
27:35 Stone Mining
27:36 Gold Mining
28:43 Scale Mail Armor
28:54 Forging
28:51 Scale Barding Armor
30:57 Stone Shaft Mining
33:45 Pikeman
34:28 Squires
37:31 Hand Cart
37:39 Heavy Plow
40:14 Imperial Age
42:00 Chain Mail Armor
42:21 Iron Casting
43:56 Chemistry
42:55 Murder Holes
43:23 Heavy Camel Rider
46:07 Gold Shaft Mining
45:49 Town Watch
46:41 Onager
50:07 Thumb Ring
54:14 Chain Barding Armor
60:05 Imperial Camel Rider
Connection lost

Rejoining the realm…

Still unreachable

The connection could not be restored.

Session expired

The server has moved on; the page needs a fresh start.